 Dungeon Crawl Stone Soup version 0.27.0-1-g7a089689b8 (webtiles) character file.

Game seed: 3631148524941400177

49 sasquatch the Sneak (level 3, -1/16 HPs)
             Began as a Vine Stalker Enchanter on Aug 7, 2021.
             Slain by a quokka (2 damage)
             ... on level 2 of the Dungeon.
             The game lasted 00:02:29 (2059 turns).

sasquatch the Sneak (Vine Stalker Enchanter)        Turns: 2059, Time: 00:02:29

Health: -1/16      AC:  2    Str: 16    XL:     3   Next: 75%
Magic:  0/7        EV: 12    Int: 15    God:
Gold:   0          SH:  0    Dex: 15    Spells: 0/6 levels left

rFire    . . .     SeeInvis .   a - +1 dagger
rCold    . . .     Faith    .   (no shield)
rNeg     . . .     Spirit   +   b - +0 robe
rPois    .         Reflect  .   (no helmet)
rElec    .         Harm     .   (no cloak)
rCorr    .         Rampage  .   (no gloves)
Will     +....                  (no boots)
Stlth    +++.......             (no amulet)
HPRegen  0.05/turn              f - +6 ring of strength
MPRegen  0.10/turn              d - ring of willpower

@: no status effects
A: fangs 2, magic shield, antimagic bite, no potion heal 2
a: no special abilities


You were on level 2 of the Dungeon.
You visited 1 branch of the dungeon, and saw 2 of its levels.

You collected 72 gold pieces.
You spent 72 gold pieces at shops.

Inventory:

Hand Weapons
 a - a +1 dagger (weapon)
Armour
 b - a +0 robe (worn)
Jewellery
 d - a ring of willpower (right hand)
 f - a +6 ring of strength (left hand)
Scrolls
 c - a scroll of identify {unknown}
Potions
 e - a potion of degeneration {unknown}
 g - 2 potions of curing


   Skills:
 + Level 1.9 Short Blades
 - Level 1.5 Dodging
 + Level 4.5 Stealth
 - Level 2.1 Spellcasting
 + Level 3.5 Hexes


You couldn't memorise any spells.
You knew the following spells:

 Your Spells              Type           Power      Damage    Failure   Level
a - Corona                Hex            13%        N/A       4%          1
b - Ensorcelled Hibernat  Hex/Ice        14%        N/A       16%         2
c - Confusing Touch       Hex            12%        N/A       16%         3

Your spell library contained the following spells:

 Spells                   Type           Power      Damage    Failure   Level
 Tukima's Dance           Hex            12%        N/A       16%         3
 Dazzling Flash           Conj/Hex       14%        N/A       30%         3


Dungeon Overview and Level Annotations

Branches:
Dungeon (2/15)

Altars:

Shops:
D:2 !


Innate Abilities, Weirdness & Mutations

You have extremely sharp teeth.
When hurt, damage is shared between your health and your magic reserves.
Your bite disrupts and absorbs the magic of your enemies.
Potions cannot restore your health.


Message History

You impale the adder!!
You kill the adder!
No target in view!
A hobgoblin comes into view. It is wielding a +0 dagger.
The hobgoblin shouts!
The hobgoblin drinks a potion.
The hobgoblin suddenly seems more resistant.
A hobgoblin is nearby!
A hobgoblin is nearby!
A quokka comes into view.
You closely miss the hobgoblin. You bite the hobgoblin. You drain its power.
The hobgoblin is lightly wounded.
The hobgoblin hits you with a +0 dagger.
You hit the hobgoblin but do no damage. You bite the hobgoblin.
You drain its power.
You feel invigorated.
The hobgoblin is moderately wounded.
The hobgoblin hits you with a +0 dagger.
You closely miss the hobgoblin.
The hobgoblin is moderately wounded.
The hobgoblin hits you with a +0 dagger.
There are monsters nearby!
You hit the hobgoblin but do no damage.
You bite the hobgoblin, but do no damage.
The hobgoblin is moderately wounded.
The hobgoblin hits you with a +0 dagger.
You are too injured to fight recklessly!
Aiming: Corona (safe; 4% risk of failure)
Press: ? - help, Q - select action, (/) - cycle Shift-Dir - straight line, f - hobgoblin
Aim: a hobgoblin, wielding a +0 dagger and wearing a +0 ring mail (moderately wounded, unusually resistant, chance to affect: 66%)
The hobgoblin is outlined in light.
The hobgoblin hits you with a +0 dagger.
* * * LOW HITPOINT WARNING * * *
Casting: Corona (safe; 4% risk of failure)
Confirm with . or Enter, or press ? or * to list all spells.
Okay, then.
The quokka bites you.
* * * LOW HITPOINT WARNING * * *
There is a stone staircase leading up here.
The quokka bites you.
You die...

....####..#
###.##....#####
#.......##..
#..#.##.##.#
#.......##.#####.###
....................
####..###.##.#####.####.
#......##............
##.######....@..## #.#
####.r.## #.g.# #...#
#...# ..#####..>#####
#..............
...............
#..............


You could see a quokka and a hobgoblin (resistant, corona).

Vanquished Creatures
  A gnoll (D:1)
  An adder (D:2)
  A dart slug (D:2)
  2 endoplasms
  A giant cockroach (D:2)
  2 goblins (D:2)
  4 hobgoblins
  5 jackals (D:1)
  3 ball pythons
  2 bats
  2 frilled lizards (D:1)
  2 kobolds (D:1)
  A rat (D:2)
27 creatures vanquished.

Notes
Turn   | Place    | Note
-------+----------+-------------------------------------------
     0 | D:1      | sasquatch the Vine Stalker Enchanter began the quest for
                  | the Orb.
     0 | D:1      | Reached XP level 1. HP: 9/9 MP: 4/4
    38 | D:1      | Reached skill level 1 in Short Blades
   310 | D:1      | Reached skill level 4 in Stealth
   310 | D:1      | Reached XP level 2. HP: 1/13 MP: 0/6
   648 | D:1      | Found a faded altar of an unknown god.
  1126 | D:1      | Reached XP level 3. HP: 15/16 MP: 7/7
  1577 | D:2      | Learned a level 2 spell: Ensorcelled Hibernation
  1581 | D:2      | Learned a level 3 spell: Confusing Touch
  1799 | D:2      | Found Kiajia's Distillery.
  2020 | D:2      | Bought 2 potions of curing for 72 gold pieces
  2059 | D:2      | Slain by a quokka

Illustrated notes

Levels and vault maps discovered:
D:1:      eino_arrival_druids_welcome, layout_basic,
          shapermc_ecumenical_altar_totnotflames
D:2:      layout_loops_cross, serial_shops, shop_fountains, minmay_domino_2

Skill      XL: |  1 |
---------------+----+-----
Short Blades   | 1 |  1.9
Stealth        | 4 |  4.5
Dodging        | |  1.5
Spellcasting   | |  2.1
Hexes          | |  3.5

Action                   || total
-------------------------++-------
Melee: Dagger            ||   102
       Bite              ||    30
 Cast: Corona            ||     4
 Stab: Sleeping          ||     4
Armor: Robe              ||    17
Dodge: Dodged            ||    68
